 Dungeon Crawl Stone Soup version 0.28.0 (webtiles) character file.

Game seed: 13735340036208740901

4 GrayStillPlays the Insei (level 1, -1/15 HPs)
             Began as a Merfolk Transmuter on Feb 8, 2022.
             Slain by a hobgoblin (5 damage)
             ... on level 1 of the Dungeon.
             The game lasted 00:00:38 (232 turns).

GrayStillPlays the Insei (Merfolk Transmuter)        Turns: 232, Time: 00:00:39

Health: -1/15      AC:  2    Str: 10    XL:     1   Next: 60%
Magic:  3/3        EV: 12    Int: 12    God:
Gold:   11         SH:  5    Dex: 14    Spells: 3/4 levels left

rFire   . . .      SeeInvis .     - Unarmed
rCold   . . .      Faith    .   (no shield)
rNeg    . . .      Spirit   .   a - +0 robe
rPois   .          Reflect  +   (helmet currently unavailable)
rElec   .          Harm     .   (no cloak)
rCorr   .          Rampage  .   (no gloves)
Will    .....                   (boots currently unavailable)
Stlth   +.........              c - amulet of reflection
HPRegen 0.05/turn               (no ring)
MPRegen 0.08/turn               (no ring)

@: appendages (expiring)
A: horns 2, (nimble swimmer 2), mertail
a: End Transformation


You were on level 1 of the Dungeon.
You had temporarily grown beastly horns.
You visited 1 branch of the dungeon, and saw 1 of its levels.

You collected 11 gold pieces.


Innate Abilities, Weirdness & Mutations

You have temporarily grown beastly horns.
((You are very nimble when in or above water. (Stealth+, EV+, Speed+++)))
Your lower body shifts to a powerful aquatic tail in water.


   Skills:
 + Level 1.2 Fighting
 + Level 2.8 Dodging
 + Level 3.3 Unarmed Combat
 + Level 2.0 Spellcasting
 + Level 2.8 Transmutations


You had 3 spell levels left.
You knew the following spells:

 Your Spells              Type           Power      Damage    Failure   Level
a - Beastly Appendage     Tmut           16%        N/A       9%          1

Your spell library contained the following spells:

 Spells                   Type           Power      Damage    Failure   Level
 Wereblood                Tmut           8%         N/A       13%         2
 Spider Form              Tmut/Pois      4%         N/A       41%         3
 Ice Form                 Ice/Tmut       4%         N/A       83%         4

Inventory:

Armour
 a - a +0 robe (worn)
Jewellery
 c - an amulet of reflection (around neck)
   (You found it on level 1 of the Dungeon)
Scrolls
 d - a scroll of fear {unknown}
 e - a scroll of fog {unknown}
 f - a scroll of noise {unknown}
 g - a scroll of vulnerability {unknown}
Potions
 b - a potion of heal wounds {unknown}
 h - a potion of lignification {unknown}

Dungeon Overview and Level Annotations

Branches:
Dungeon (1/15)

Altars:

#.. #.... #...
######... .........
........# ........####
........rg@###########
........##.#.........#
........##.#.#######.#
........##.#...# #.#
........##.#.#.#####.#
........##.#.#.......#
........##.#.#######.#
........##.#....# ###
##########.####.####


You could see a quokka and a hobgoblin.


Message History

🤖 Initializing magus.rc ...
Options error: Delay interrupt name "hungry" not recognised. (~/.crawlrc:4770) Options error: Bad monster_list_colour key: strict_neutral (~/.crawlrc:4785) ✅ Successfully initialized magus.rc [v1.9.6] Welcome, GrayStillPlays the Merfolk Transmuter.
The splendid Orb of Zot lies far below, as if waiting for you to find it.
Press ? for a list of commands and other information.
Found four items.
Found a staircase leading out of the dungeon.
b - a sedimented amethyst potion You now have 9 gold pieces.
c - an amulet of reflection You start putting on your amulet.
You continue putting on your amulet of reflection. x5
You finish putting on your amulet of reflection.
You feel a shielding aura gather around you.
c - an amulet of reflection (around neck)
d - a scroll labelled MYVINASIMP
e - a scroll labelled ZIMUIVV BAOZIT
f - a scroll labelled WEDE FUAXA A bat comes into view.
A bat is nearby!
Unknown command.
A kobold comes into view. It is wielding a +0 whip.
The kobold shouts!
You see here a scroll labelled QUATHEBOAPU.
A goblin comes into view. It is wielding a +0 dagger.
The goblin shouts!
The kobold misses you.
You hit the kobold. The kobold barely misses you.
You hit the kobold.
You kill the kobold!
The bat barely misses you. The bat closely misses you.
You hit the bat.
You kill the bat!
You block the goblin's attack.
You hit the goblin.
You kill the goblin!
No target in view!
Things that are here:
a +0 whip {mace}; a kobold corpse No target in view!
No target in view!
g - a scroll labelled QUATHEBOAPU
h - a green potion Partly explored, can't reach some places.
Partly explored, can't reach some places.
Really walk into that teleport trap?
You enter a teleport trap!
The teleport trap disappears.
Your surroundings suddenly seem different.
You now have 11 gold pieces (gained 2).
A quokka comes into view.
A quokka is nearby!
You grow a pair of large bovine horns. 😎 MP[-1]
You lost 1 mp, and now have 2/3 mp.
A bat and a hobgoblin come into view.
The hobgoblin shouts!
The quokka barely misses you.
You barely miss the quokka. The quokka closely misses you.
You hit the quokka. The quokka barely misses you.
You closely miss the quokka. The bat misses you. The quokka closely misses you.
You barely miss the quokka.
The quokka twitches its whiskers.
You block the quokka's attack.
You miss the quokka. The bat barely misses you. The quokka closely misses you.
The quokka bites you. 😮 HP[-4]
You take 4 damage, and now have 11/15 hp.
MASSIVE DAMAGE!! (PAUSE)
The bat hits you but does no damage. The bat barely misses you.
You block the bat's attack.
You hit the bat.
You kill the bat!
You hit the hobgoblin but do no damage.
Your transformation is almost over.
The hobgoblin hits you.
* * * LOW HITPOINT WARNING * * *
The quokka twitches its whiskers. 😨 HP[-4] MP[+1]
You take 4 damage, and now have 7/15 hp.
MASSIVE DAMAGE!! (PAUSE)
Your mp is fully restored (3).
You barely miss the hobgoblin. Your headbutt misses the hobgoblin.
The hobgoblin hits you.
* * * LOW HITPOINT WARNING * * *
😨 HP[-3]
You take 3 damage, and now have 4/15 hp.
You barely miss the hobgoblin. You block the hobgoblin's attack.
You barely miss the hobgoblin. The hobgoblin hits you.
You die...

Action                   || total
-------------------------++-------
Melee: Unarmed           ||    14
 Cast: Beastly Appendage ||     1
Armor: Robe              ||     1
Dodge: Dodged            ||    12
Block: Other             ||     4

Levels and vault maps discovered:
D:1:      minmay_arrival_loop, layout_basic

Notes
Turn   | Place    | Note
-------+----------+-------------------------------------------
     0 | D:1      | GrayStillPlays the Merfolk Transmuter began the quest for
                  | the Orb.
     0 | D:1      | Reached XP level 1. HP: 15/15 MP: 3/3
     0 | D:1      | magus.rc [v1.9.6]
   232 | D:1      | Slain by a hobgoblin

Vanquished Creatures
  A goblin (D:1)
  A kobold (D:1)
  2 bats (D:1)
4 creatures vanquished.

Table legend:
 A = Non-vault XP
 B = Vault XP
 C = Vault XP percentage of total XP
 D = Non-vault monster count
 E = Vault monster count
 F = Vault count percentage of total count
                 A         B        C        D         E       F
            +---------+---------+-------+---------+---------+-------
      Total |       6 |       0 |   0.0 |       4 |       0 |   0.0
            +---------+---------+-------+---------+---------+-------
        D:1 |       6 |       0 |   0.0 |       4 |       0 |   0.0
            +---------+---------+-------+---------+---------+-------

Illustrated notes

Table legend:
 A = Kills in this place as a percentage of kills in entire the game.
 B = Kills by you in this place as a percentage of kills by you in the entire game.
 C = Kills by friends in this place as a percentage of kills by friends in the entire game.
 D = Other kills in this place as a percentage of other kills in the entire game.
 E = Experience gained in this place as a percentage of experience gained in the entire game.
 F = Experience gained in this place divided by the number of levels of this place that you have seen.
                   A       B       C       D       E      F
               +-------+-------+-------+-------+-------+----------------------
         Total | 100.0 | 100.0 |   N/A |   N/A | 100.0 |   6.0
       Dungeon | 100.0 | 100.0 |   N/A |   N/A | 100.0 |   6.0
               +-------+-------+-------+-------+-------+----------------------

Table legend: (Time is in decaauts)
 A = Elapsed time spent in this place.
 B = Non-inter-level travel time spent in this place.
 C = Inter-level travel time spent in this place.
 D = Time resting spent in this place.
 E = Time spent auto-exploring this place.
 F = Levels seen in this place.
 G = Mean time per level.
                   A        B        C        D        E       F      G
               +--------+--------+--------+--------+--------+-----+--------+
         Total |    231 |    231 |      0 |      0 |    192 |   1 |  231.0 |
       Dungeon |    231 |    231 |      0 |      0 |    192 |   1 |  231.0 |
               +--------+--------+--------+--------+--------+-----+--------+

Top non-repeatable levels by time:
     D:1: 231 daAuts
